 Dungeon Crawl Stone Soup version 0.26-a0-812-g31a745ddcd (webtiles) character file.

Game seed: 3509821643844844282

249 Arthanis the Skirmisher (level 6, -14/38 HPs)
             Began as a Gargoyle Berserker on Nov 15, 2020.
             Was a Believer of Trog.
             Demolished by an ogre
             ... wielding a cursed -1 giant club
              (21 damage)
             ... on level 3 of the Dungeon.
             The game lasted 00:02:18 (2334 turns).

Arthanis the Skirmisher (Gargoyle Berserker)        Turns: 2334, Time: 00:02:18

Health: -14/38     AC: 16    Str: 21    XL:     6   Next: 12%
Magic:  6/6        EV: 10    Int:  9    God:    Trog [**....]
Gold:   89         SH:  4    Dex:  9    Spells: 5/5 levels left

rFire    . . .     SeeInvis .   q - +0 war axe
rCold    . . .     Faith    .   w - +0 buckler
rNeg     + . .     Spirit   .   g - +0 scale mail
rPois    ∞         Reflect  .   (no helmet)
rElec    +         Harm     .   o - +0 cloak
rCorr    .         Rampage  .   (no gloves)
MR       ++...                  (no boots)
Stlth    ..........             (no amulet)
HPRegen  1.12/turn              r - +4 ring of protection
MPRegen  0.10/turn              (no ring)

@: berserk cooldown, regenerating, slowed, very slow
A: negative energy resistance 1, electricity resistance, unbreathing,
petrification resistance, rot immunity, AC +4
a: Berserk, Trog's Hand, Renounce Religion


You were on level 3 of the Dungeon.
You worshipped Trog.
Trog was pleased with you.
You visited 1 branch of the dungeon, and saw 4 of its levels.

You collected 89 gold pieces.

Inventory:

Hand Weapons
 a - a +0 hand axe
 q - a +0 war axe (weapon)
Armour
 b - a +0 animal skin
 e - a +0 tower shield
 g - a +0 scale mail (worn)
 o - a +0 cloak (worn)
 w - a +0 buckler (worn)
Jewellery
 r - a +4 ring of protection (left hand)
Scrolls
 f - 3 scrolls of remove curse {unknown}
 h - a scroll of enchant armour {unknown}
 j - a scroll of teleportation {unknown}
 k - a scroll of fog {unknown}
 l - a scroll of identify {unknown}
 m - 2 scrolls of noise {unknown}
 n - a scroll of immolation {unknown}
 p - a scroll of blinking {unknown}
 s - a scroll of fear {unknown}
 u - a scroll of magic mapping {unknown}
Potions
 c - a potion of haste {unknown}
 d - a potion of might {unknown}
 i - a potion of curing {unknown}
 t - a potion of lignification {unknown}
 v - a potion of brilliance {unknown}


   Skills:
 + Level 4.3 Fighting
 * Level 4.3 Axes
 + Level 3.5 Armour
 - Level 2.0 Dodging
 + Level 2.3 Shields


You had 5 spell levels left.
You didn't know any spells.
Your spell library was empty.

Dungeon Overview and Level Annotations

Branches:
Dungeon (4/15)
 Temple: D:4-7

Altars:
Gozag
Uskayaw


Innate Abilities, Weirdness & Mutations

You are resistant to torment.
Your stone body is resilient. (AC +4)
You are immune to poison.
You resist negative energy. (rN+)
You are resistant to electric shocks. (rElec)
You can survive without breathing.
You are immune to petrification.
You are immune to rotting.


Message History

Trog's vigour flows through your veins.
You are exhausted.
You feel yourself slow down. The gnoll misses you.
You slash the gnoll!
You kill the gnoll!
Trog accepts your kill.
The ogre hits you with a cursed -1 giant club!
There is a stone staircase leading up here.
The ogre misses you.
You climb upwards.
There is a stone staircase leading down here.
The ogre hits you with a cursed -1 giant club!
* * * LOW HITPOINT WARNING * * *
The ogre completely misses you.
Your skin crawls.
You feel resistant to hostile enchantments.
The ogre closely misses you.
The ogre hits you with a cursed -1 giant club!!
Ouch! That really hurt!
You die...

#######################
.....>..........@O...>#
.....################.#
.....'..........#####.#
.....########.......#.#
.....# #.......#.#
.....# #.......#.#
.....# #.....<.#.#
.....# #.......#.#
.....####
#.......#.##########


You could see an ogre.

Vanquished Creatures
  An ogre (D:4)
  An orc wizard (D:3)
  A worker ant (D:4)
  4 adders
  A gnoll (D:4)
  An adder zombie (D:3)
  A dart slug (D:1)
  A worm (D:3)
  2 orcs (D:3)
  7 bats
  5 giant cockroaches
  5 goblins
  8 hobgoblins
  2 jackals (D:1)
  4 kobolds
  3 quokkas
  A ball python (D:1)
  5 frilled lizards
  8 rats
61 creatures vanquished.

Notes
Turn   | Place    | Note
-------+----------+-------------------------------------------
     0 | D:1      | Arthanis the Gargoyle Berserker began the quest for the
                  | Orb.
     0 | D:1      | Reached XP level 1. HP: 14/14 MP: 1/1
   119 | D:1      | Reached XP level 2. HP: 16/19 MP: 2/2
   509 | D:1      | Reached XP level 3. HP: 22/23 MP: 3/3
   583 | D:1      | Reached ** piety under Trog
  1122 | D:2      | Found a hide-covered altar of Uskayaw.
  1297 | D:2      | Reached XP level 4. HP: 24/29 MP: 4/4
  1490 | D:3      | Reached skill level 1 in Shields
  1828 | D:3      | Found an opulent altar of Gozag.
  2195 | D:3      | Reached XP level 5. HP: 33/33 MP: 5/5
  2307 | D:4      | Noticed an ogre
  2314 | D:4      | Killed an ogre
  2317 | D:4      | Reached XP level 6. HP: 38/38 MP: 6/6
  2334 | D:3      | Demolished by an ogre

Illustrated notes

Levels and vault maps discovered:
D:1:      lordsloth_arrival_two_stooges, layout_rooms
D:2:      layout_rooms, nicolae_overflow_crystal_walls, kennysheep_path_1
D:3:      layout_basic, nicolae_overflow_hidden_temple
D:4:      minmay_chambers_of_twos, layout_cave_pods,
          nicolae_tso_carved_into_rock

Skill      XL: |  1  2  3  4  5 |
---------------+----------------+-----
Axes           | 3 4 |  4.3
Dodging        | 2 |  2.0
Shields        | 1 2 |  2.3
Armour         | 3 |  3.5
Fighting       | 4 |  4.3

Action                   |  1- 3 |  4- 6 || total
-------------------------+-------+-------++-------
Melee: Hand axe          |   152 |       ||   152
       War axe           |     6 |    95 ||   101
Invok: Berserk           |       |     2 ||     2
       Trog's Hand       |       |     1 ||     1
Armor: Animal skin       |    43 |       ||    43
       Scale mail        |    46 |    60 ||   106
Dodge: Dodged            |    57 |    70 ||   127
Block: Tower shield      |   105 |       ||   105
       Buckler           |       |     1 ||     1

Table legend: (Time is in decaauts)
 A = Elapsed time spent in this place.
 B = Non-inter-level travel time spent in this place.
 C = Inter-level travel time spent in this place.
 D = Time resting spent in this place.
 E = Time spent auto-exploring this place.
 F = Levels seen in this place.
 G = Mean time per level.
                   A        B        C        D        E       F      G
               +--------+--------+--------+--------+--------+-----+--------+
         Total |   2423 |   2341 |     82 |      0 |   1788 |   4 |  605.8 |
       Dungeon |   2423 |   2341 |     82 |      0 |   1788 |   4 |  605.8 |
               +--------+--------+--------+--------+--------+-----+--------+

Top non-repeatable levels by time:
     D:3: 923 daAuts
     D:1: 793 daAuts
     D:2: 684 daAuts
     D:4: 22 daAuts
